 Dungeon Crawl Stone Soup version 0.31-a0-216-g22e908daa7 (webtiles) character file.

Game seed: 11841821742384996000

51 qw the Shooter (level 3, 0/21 HPs)
             Began as a Gargoyle Hexslinger on July 2, 2023.
             Slain by an orc wizard
             ... wielding a +0 dagger
              (3 damage)
             ... on level 3 of the Dungeon.
             The game lasted 00:00:31 (1486 turns).

qw the Shooter (Gargoyle Hexslinger)                Turns: 1486, Time: 00:00:31

Health: 0/21       AC:  8    Str: 11    XL:     3   Next: 83%
Magic:  4/4        EV: 10    Int: 13    God:
Gold:   81         SH:  0    Dex: 14    Spells: 3/4 levels left

rFire   . . .        Y - +1 sling
rCold   . . .        (no shield)
rNeg    + . .        h - +0 ring mail
rPois   inf          (no helmet)
rElec   +            (no cloak)
rCorr   .            (no gloves)
SInv    .            (no boots)
Will    .....        (no amulet)
Stlth   +            (no ring)
HPRegen 0.23/turn    (no ring)
MPRegen 0.09/turn

%: no passive effects
@: no status effects
A: sickness immunity, AC +3, negative energy resistance 1, electricity
resistance, torment resistance 1, petrification resistance
a: no special abilities


You were on level 3 of the Dungeon.
You visited 1 branch of the dungeon, and saw 3 of its levels.

You collected 81 gold pieces.


Innate Abilities, Weirdness & Mutations

You are immune to sickness and miasma.
Your stone body is resilient. (AC +3)
You are immune to poison.
You resist negative energy. (rN+)
You are resistant to electric shocks. (rElec)
You are resistant to unholy torment.
You are immune to petrification.


   Skills:
 - Level 2.0 Fighting
 + Level 3.6 Ranged Weapons
 - Level 1.5 Dodging
 - Level 1.0 Spellcasting
 - Level 2.6 Hexes


You had 3 spell levels left.
You knew the following spells:

 Your Spells              Type           Power      Damage    Failure   Level
a - Slow                  Hex            28%        N/A       22%         1

Your spell library contained the following spells:

 Spells                   Type           Power      Damage    Failure   Level
 Inner Flame              Hex/Fire       4%         N/A       75%         3
 Portal Projectile        Hex/Tloc       8%         N/A       75%         3
 Cause Fear               Hex            3%         N/A       92%         4

Inventory:

Hand Weapons
 Y - a +1 sling (weapon)
Armour
 a - a +0 pair of gloves
 h - a +0 ring mail (worn)
Scrolls
 j - a scroll of identify

Dungeon Overview and Level Annotations

Branches:
Dungeon (3/15)

Altars:


Message History

Deactivating autopickup; reactivate with Ctrl-A.
The orc closely misses you. Something hits you but does no damage.
The orc hits you with a +0 hand axe.
You shoot a sling bullet. The sling bullet barely misses the orc.
Something hits you but does no damage. The orc misses you.
You shoot a sling bullet.
The sling bullet closely misses the orc.
Something hits you. The orc barely misses you.
The orc hits you but does no damage. Something hits you but does no damage.
You shoot a sling bullet.
The sling bullet closely misses the orc.
Something hits you but does no damage. The orc closely misses you.
You shoot a sling bullet. The sling bullet hits the orc.
The orc is moderately wounded.
You hear some strange, mumbled words.
Something tries to affect you, but you resist.
The orc hits you but does no damage.
You shoot a sling bullet. The sling bullet barely misses the orc.
Something hits you but does no damage. The orc barely misses you.
Something hits you but does no damage. The orc barely misses you.
You shoot a sling bullet. The sling bullet hits the orc!
You kill the orc!
You hear some strange, mumbled words.
You are confused.
You shoot a sling bullet.
You hear some strange, mumbled words.
Something tries to affect you, but you resist.
Something hits you but does no damage.
You shoot a sling bullet. Something hits you but does no damage.
You shoot a sling bullet. Something hits you.
You shoot a sling bullet.
Something hits you but does no damage. x2
You shoot a sling bullet.
You feel less confused. Something hits you but does no damage.
You shoot a sling bullet. Something hits you.
You die...

.. ##.#
#... #..#
#).# #).#
#{)# #@)#
#).# #..#
#..######
#<.......
#########


There were no monsters in sight!

Vanquished Creatures
  8 orcs (D:3)
  3 endoplasms
  2 giant cockroaches
  4 goblins
  4 hobgoblins
  2 quokkas (D:1)
  2 ball pythons (D:2)
  6 bats (D:1)
  3 kobolds (D:1)
  3 rats
37 creatures vanquished.

Notes
Turn   | Place    | Note
-------+----------+-------------------------------------------
     0 | D:1      | qw the Gargoyle Hexslinger began the quest for the Orb.
     0 | D:1      | Reached XP level 1. HP: 12/12 MP: 2/2
     0 | D:1      | 0 ||| qw: Version: 0.3-a-35-g05ef00e
     0 | D:1      | 0 ||| qw: Game counter: 7860
     0 | D:1      | 0 ||| qw: Melee chars always use a shield: true
     0 | D:1      | 0 ||| qw: God list: Okawaru
     0 | D:1      | 0 ||| qw: Allow faded altars: false
     0 | D:1      | 0 ||| qw: Do Orc after clearing Dungeon:15 true
     0 | D:1      | 0 ||| qw: Do second Lair branch before Depths: true
     0 | D:1      | 0 ||| qw: Lair rune preference: random
     0 | D:1      | 0 ||| qw: Goals: Normal
     0 | D:1      | 0 ||| PLANNING D:1-11
   188 | D:1      | Reached XP level 2. HP: 16/16 MP: 3/3
   425 | D:1      | Reached skill level 3 in Ranged Weapons
   654 | D:1      | 654 ||| UPGRADING to +0 ring mail.
   664 | D:1      | 664 ||| DROPPING +0 robe.
   665 | D:1      | 665 ||| READING 3 scrolls labelled PUINAW PINEN.
   666 | D:1      | 666 ||| READING scroll labelled FYUD ROIDA.
   669 | D:1      | 669 ||| READING 4 scrolls labelled CUEGID QA QIZE.
   670 | D:1      | 670 ||| READING 3 scrolls of identify.
   670 | D:1      | 670 ||| IDENTIFYING coppery potion
   671 | D:1      | 671 ||| READING 2 scrolls of identify.
   671 | D:1      | 671 ||| IDENTIFYING fuming purple potion
   672 | D:1      | 672 ||| DROPPING 2 scrolls of fear.
   673 | D:1      | 673 ||| DROPPING scroll of poison.
   674 | D:1      | 674 ||| DROPPING potion of ambrosia.
   780 | D:2      | Reached XP level 3. HP: 21/21 MP: 4/4
  1400 | D:2      | 1400 ||| READING 2 scrolls of identify.
  1400 | D:2      | 1400 ||| IDENTIFYING dark potion
  1401 | D:2      | 1401 ||| DROPPING potion of attraction.
  1436 | D:3      | 1436 ||| PLANNING SEWER
  1462 | D:3      | HP: 4/21 [orc/+0 hand axe (2)]
  1463 | D:3      | 1463 ||| DRINKING potion of heal wounds.
  1472 | D:3      | HP: 5/21 [orc/+0 club (2)]
  1476 | D:3      | HP: 2/21 [something (3)]
  1483 | D:3      | HP: 2/21 [something (2)]
  1486 | D:3      | Slain by an orc wizard

Levels and vault maps discovered:
D:1:      nicolae_arrival_memento_mori, layout_loops_ring
D:2:      layout_loops_ring
D:3:      layout_basic, cheibrodos_sewer_entry_drain, minmay_crystal_room,
          patterned_corridor

Skill      XL: |  1  2  3 |
---------------+----------+-----
Ranged Weapons | 3 |  3.6
Fighting       | 2 |  2.0
Dodging        | |  1.5
Spellcasting   | |  1.0
Hexes          | |  2.6

Action                     || total
---------------------------++-------
   Fire: Sling             ||   125
    Use: Scroll            ||     6
         Potion            ||     1
 Armour: Robe              ||     4
         Ring mail         ||    62
  Dodge: Dodged            ||    56

Table legend:
 A = Non-vault XP
 B = Vault XP
 C = Vault XP percentage of total XP
 D = Non-vault monster count
 E = Vault monster count
 F = Vault count percentage of total count
                 A         B        C        D         E       F
            +---------+---------+-------+---------+---------+-------
      Total |      74 |       0 |   0.0 |      37 |       0 |   0.0
            +---------+---------+-------+---------+---------+-------
        D:1 |      31 |       0 |   0.0 |      18 |       0 |   0.0
        D:2 |      19 |       0 |   0.0 |      11 |       0 |   0.0
        D:3 |      24 |       0 |   0.0 |       8 |       0 |   0.0
            +---------+---------+-------+---------+---------+-------
